 Dungeon Crawl Stone Soup version 0.31.0-9-g3a7656b989 (webtiles) character file.

Game seed: 12545758319289444001

56 Heoruswealwe the Conjurer (level 3, -1/19 HPs)
             Began as a Deep Elf Conjurer on Jan 25, 2024.
             Slain by a gnoll
             ... wielding a +0 club
              (2 damage)
             ... on level 2 of the Dungeon.
             The game lasted 00:12:23 (1331 turns).

Heoruswealwe the Conjurer (Deep Elf Conjurer)       Turns: 1331, Time: 00:12:24

Health: -1/19      AC:  3    Str:  4    XL:     3   Next: 69%
Magic:  9/11       EV: 12    Int: 24    God:
Gold:   20         SH:  0    Dex: 13    Spells: 8/11 levels left

rFire   . . .        (no weapon)
rCold   . . .        (no shield)
rNeg    . . .        c - +0 robe
rPois   .            (no helmet)
rElec   .            h - +0 cloak
rCorr   .            (no gloves)
SInv    .            (no boots)
Will    .....        (no amulet)
Stlth   ++           (no ring)
HPRegen 0.23/turn    (no ring)
MPRegen 0.12/turn

%: no passive effects
@: no status effects
A: no striking features
a: no special abilities


You were on level 2 of the Dungeon.
You visited 1 branch of the dungeon, and saw 2 of its levels.

You collected 20 gold pieces.

Inventory:

Armour
 c - a +0 robe (worn)
 h - a +0 cloak (worn)
 i - a +0 robe
Scrolls
 d - a scroll of enchant armour {unknown}
 f - a scroll of poison {unknown}
Potions
 a - a potion of attraction {unknown}
 e - a potion of heal wounds {unknown}
 g - a potion of mutation {unknown}


   Skills:
 - Level 2.4 Dodging
 - Level 2.4 Stealth
 + Level 4.5 Spellcasting
 + Level 5.2 Conjurations


You had 8 spell levels left.
You knew the following spells:

 Your Spells              Type           Power      Damage    Failure   Level
a - Magic Dart            Conj           100%       1d8       1%          1
b - Searing Ray           Conj           60%        2d6       1%          2

Your spell library contained the following spells:

 Spells                   Type           Power      Damage    Failure   Level
 Slow                     Hex            20%        N/A       10%         1
 Confusing Touch          Hex            5%         N/A       28%         3
 Sigil of Binding         Hex            5%         N/A       28%         3
 Vampiric Draining        Necr           5%         2d6       28%         3
 Fulminant Prism          Conj/Alch      9%         3d7       30%         4
 Iskenderun's Mystic Bla  Conj/Tloc      18%        2d6       30%         4


Dungeon Overview and Level Annotations

Branches:
Dungeon (2/15)

Altars:


Message History

You hit the gnoll.
The gnoll is moderately wounded.
The gnoll closely misses you.
You hit the gnoll but do no damage.
The gnoll is moderately wounded.
The gnoll barely misses you.
You hit the gnoll but do no damage.
The gnoll is moderately wounded.
Found an embroidered scarf.
The gnoll hits you with a +0 flail!
Ouch! That really hurt!
The gnoll hits you with a +0 club.
You see here a +0 flail.
Casting: Searing Ray (safe; 1% risk of failure)
Confirm with . or Enter, or press ? or * to list all spells.
Aiming: Magic Dart (safe; 1% risk of failure)
Press: ? - help, Shift-Dir - straight line, f - gnoll, p - gnoll
Aim: a gnoll, wielding a +0 flail (almost dead, 100% to hit)
The magic dart hits the gnoll.
You kill the gnoll!
The jackal bites you.
* * * LOW HITPOINT WARNING * * *
The gnoll barely misses you.
You barely miss the jackal. The jackal closely misses you.
The gnoll closely misses you. Magic courses through your body.
The jackal misses you. The gnoll hits you with a +0 club.
* * * LOW HITPOINT WARNING * * *
The jackal bites you.
* * * LOW HITPOINT WARNING * * *
Casting: Magic Dart (safe; 1% risk of failure)
Confirm with . or Enter, or press ? or * to list all spells.
Aiming: Searing Ray (safe; 1% risk of failure)
Press: ? - help, Shift-Dir - straight line, f - gnoll
Aim: a gnoll, wielding a +0 club (moderately wounded, 82% to hit)
The searing ray hits the gnoll!
The gnoll is almost dead. (Press . to maintain the ray.)
The jackal bites you but does no damage.
The gnoll hits you with a +0 club.
You die...

.. ..
.[..... ..
..... ..
...[. ..
... ## ...
#.# #.#
#.. #h#
#..
#@####.#
##.#
#.g....#
##.#
###.....#
.#.# #
.###.#
##.##.# .#
......# .#
##.####...
..
#.†......
..
##.####.##
..


You could see a gnoll and a jackal.

Vanquished Creatures
  An adder (D:2)
  2 gnolls (D:2)
  2 endoplasms
  3 goblins (D:1)
  4 hobgoblins
  3 jackals
  A ball python (D:2)
  3 bats
  3 frilled lizards
  4 kobolds
  2 rats
28 creatures vanquished.

Notes
Turn   | Place    | Note
-------+----------+-------------------------------------------
     0 | D:1      | Heoruswealwe the Deep Elf Conjurer began the quest for the
                  | Orb.
     0 | D:1      | Reached XP level 1. HP: 10/10 MP: 6/6
   423 | D:1      | Reached XP level 2. HP: 15/15 MP: 3/8
   426 | D:1      | Learned a level 2 spell: Searing Ray
  1130 | D:2      | Reached XP level 3. HP: 19/19 MP: 6/10
  1145 | D:2      | Reached skill level 5 in Conjurations
  1331 | D:2      | Slain by a gnoll

Illustrated notes

Levels and vault maps discovered:
D:1:      dpeg_arrival_morbid_curiosity, layout_loops_corners,
          minmay_tetromino_i4
D:2:      layout_loops_ring, kennysheep_generic_room_4

Skill      XL: |  1  2  3 |
---------------+----------+-----
Spellcasting   | 4 |  4.5
Conjurations   | 5 |  5.2
Dodging        | |  2.4
Stealth        | |  2.4

Action                     || total
---------------------------++-------
  Melee: Unarmed           ||     5
   Cast: Magic Dart        ||    50
         Searing Ray       ||     2
    Use: Potion            ||     1
 Armour: Robe              ||    10
  Dodge: Dodged            ||    14
